 Dungeon Crawl Stone Soup version 0.30.1 (webtiles) character file.

Game seed: 933964104114742652

35489 cdecastro the Fighter (level 14, -14/120 HPs)
             Began as a Djinni Fire Elementalist on July 12, 2023.
             Was a Priest of Ashenzari.
             Demolished by Agnes
             ... wielding a +6 lajatang of electrocution
              (24 damage)
             ... on level 15 of the Dungeon.
             The game lasted 01:19:43 (15399 turns).

cdecastro the Fighter (Djinni Fire Elementalist)   Turns: 15399, Time: 01:19:44

Health: -14/120    AC: 10    Str:  7    XL:     14   Next: 18%
Gold:   1099       EV: 19    Int: 27    God:    Ashenzari [***...] SH:  0 Dex: 15

rFire   + + .        a - +6 long sword
rCold   . . .        (no shield)
rNeg    + . .        M - +3 leather armour of Curses and Power {*Slow rC+ rN+ Regen+, Fort, Self} (curse)
rPois   ∞            q - +0 helmet "Sibylline Gloom" {Fort, Self} (curse)
rElec   .            y - +0 cloak "Shattered Together" {Self, Evo} (curse)
rCorr   .            F - +0 pair of gloves "Doubts of Ashenzari" {Self, Cun} (curse)
SInv    +            (boots unavailable)
Will    +....        S - amulet of Supernal Wisdom {Faith, Range, Self} (curse)
Stlth   +++          J - +5 ring of evasion
HPRegen 1.20/turn    W - +6 ring of intelligence
MPRegen 0.00/turn

%: slow self (1%), clarity, faith, infuse magic (-15 HP)
@: flying
A: sickness immunity, fire resistance 2, cold vulnerability 1, float, innate
caster, HP casting, extra vitality 1
a: Renounce Religion, Curse Item, Shatter the Chains


You were on level 15 of the Dungeon.
You worshipped Ashenzari.
Ashenzari was most pleased with you.
You visited 2 branches of the dungeon, and saw 16 of its levels.
You also visited: Sewer and Bailey.

You collected 1351 gold pieces.
You spent 252 gold pieces at shops.

Inventory:

Hand Weapons
 a - a +6 long sword (weapon)
 b - a +3 dagger
Missiles
 e - a throwing net
 h - 4 poisoned darts
 B - a curare-tipped dart
 H - 4 atropa-tipped darts
 R - 2 datura-tipped darts
Armour
 q - the cursed +0 helmet "Sibylline Gloom" (worn) {Fort, Self}
   (You found it on level 3 of the Dungeon)

   It has a curse which improves the following skills: Fortitude: Armour and
   Shields.
   Introspection: Fighting and Spellcasting.
 x - +0 steam dragon scales
 y - the cursed +0 cloak "Shattered Together" (worn) {Self, Evo}
   (You found it on level 5 of the Dungeon)

   It has a curse which improves the following skills: Introspection: Fighting
   and Spellcasting.
   Evocations: Evocations.
 F - the cursed +0 pair of gloves "Doubts of Ashenzari" (worn) {Self, Cun}
   (You found it on level 7 of the Dungeon)

   It has a curse which improves the following skills: Introspection: Fighting
   and Spellcasting.
   Cunning:   Dodging and Stealth.
 M - the cursed +3 leather armour of Curses and Power (worn) {*Slow rC+ rN+ Regen+, Fort, Self}
   (You found it on level 8 of the Dungeon)

   rC:        It protects you from cold.
   rN:        It protects you from negative energy.
   Regen:     It increases your rate of health regeneration.
   *Slow:     It may slow you when you take damage.
   It has a curse which improves the following skills: Fortitude: Armour and
   Shields.
   Introspection: Fighting and Spellcasting.
 O - a +2 helmet
 Y - a +1 pair of gloves of dexterity
Magical Staves
 s - a staff of cold
Jewellery
 m - a ring of fire
 J - a +5 ring of evasion (left hand)
 S - the cursed amulet of Supernal Wisdom (around neck) {Faith, Range, Self}
   (You found it on level 12 of the Dungeon)

   [amulet of faith]

   It allows you to gain divine favour quickly.
   It has a curse which improves the following skills: Ranged Combat: Ranged
   Weapons and Throwing.
   Introspection: Fighting and Spellcasting.
 U - a ring of wizardry
 W - a +6 ring of intelligence (right hand)
 X - a +6 ring of intelligence
Wands
 t - a wand of charming (18)
 v - a wand of acid (18)
 w - a wand of digging (10)
 A - a wand of flame (29)
 I - a wand of roots (9)
 P - a wand of mindburst (5)
 V - a wand of polymorph (7)
Scrolls
 c - 6 scrolls of enchant armour
 d - 2 scrolls of immolation
 f - 6 scrolls of teleportation
 o - 2 scrolls of blinking
 u - 7 scrolls of enchant weapon
 C - 3 scrolls of amnesia
 E - 2 scrolls of fear
 G - 4 scrolls of brand weapon
 L - 2 scrolls of magic mapping
 N - 3 scrolls of fog
 Q - 2 scrolls of butterflies
Potions
 g - a potion of haste
 i - 5 potions of heal wounds
 j - a potion of flight
 k - 5 potions of curing
 l - a potion of magic
 n - 3 potions of lignification
 p - 3 potions of cancellation
 r - 3 potions of ambrosia
 z - a potion of brilliance
 D - a potion of might
 K - 2 potions of mutation
 T - 2 potions of attraction


   Skills:
 + Level 13.6(17.8) Fighting
 - Level 6.1 Long Blades
 - Level 3.5(5.5) Armour
 - Level 6.0(7.5) Dodging
 - Level 5.5(7.0) Stealth
 - Level 10.9(15.1) Spellcasting
 * Level 7.6(9.2) Evocations


You knew the following spells:

 Your Spells              Type           Power      Damage    Failure   Level
a - Foxfire               Conj/Fire      100%       2x1d9     0%          1
b - Scorch                Fire           100%       2d9       0%          2
c - Volatile Blastmotes   Fire/Tloc      100%       2d18      1%          3
d - Inner Flame           Hex/Fire       80%        N/A       1%          3
e - Flame Wave            Conj/Fire      80%        2d17      1%          4
f - Sandblast             Erth           100%       2d20      0%          1
g - Blink                 Tloc           100%       N/A       0%          2
h - Spider Form           Tmut/Pois      80%        N/A       1%          3
i - Airstrike             Air            40%        2d(6-22)  1%          4
j - Alistair's Intoxicat  Tmut/Pois      53%        N/A       1%          5
k - Borgnjor's Vile Clut  Necr/Erth      40%        N/A       1%          5
Your spell library was empty.

Dungeon Overview and Level Annotations

Branches:
Dungeon (15/15)            Temple (1/1) D:6            Lair (0/5) D:8
    Orc (0/2) D:12         Vaults (0/5) D:13          Sewer (visited)
 Bailey (visited)
 Depths: D:15

Altars:
Ashenzari
Cheibriados
Dithmenos
Elyvilon
Fedhas
Gozag
Hepliaklqana
Makhleb
Nemelex Xobeh
Okawaru
Qazlal
Ru
Trog
Uskayaw
Wu Jian
Xom
Yredelemnul
Zin
The Shining One

Shops:
D:13 *   D:15 *

Annotations:
D:4 1 runed translucent door, SNESPrime's ghost, amateur DrBe
D:5 1 runed translucent door, gdog's ghost, novice GnDe
D:10 exclusion: orange crystal statue
D:11 exclusion: manticore
D:15 Agnes


Innate Abilities, Weirdness & Mutations

You are immune to sickness and miasma.
You are immune to poison.
Your flesh is very heat resistant. (rF++)
You are vulnerable to cold. (rC-)
You float through the air rather than walking.
You learn spells naturally, not from books.
Your magical power is your life essence.
You have superior vitality. (+4 MHP)


Message History

Press: ? - help, Shift-Dir - straight line, f - Agnes
Aim: Agnes, wielding a +6 lajatang of electrocution and wearing a +0 robe (flame, moderately wounded, 100% to hit)
Zombie hands grab Agnes.
Zombie hands grab the five-headed hydra.
Zombie hands grab the deep elf pyromancer.
The zombie hands constrict Agnes!
The zombie hands constrict the deep elf pyromancer!
The zombie hands constrict the five-headed hydra!
Agnes is engulfed in blazing flames.
Agnes hits you with a +6 lajatang of electrocution!!
* * * LOW HITPOINT WARNING * * *
The five-headed hydra is engulfed in blazing flames.
Unknown command.
Unknown command.
Unknown command.
The zombie hands constrict Agnes!
The zombie hands constrict the deep elf pyromancer.
The zombie hands constrict the five-headed hydra!
Agnes struggles to escape constriction.
The five-headed hydra is engulfed in blazing flames.
Agnes escapes!
The five-headed hydra is engulfed in blazing flames.
The five-headed hydra struggles to escape constriction.
Casting: Borgnjor's Vile Clutch (mildly dangerous; 1% risk of failure)
Confirm with . or Enter, or press ? or * to list all spells.
Aiming: Borgnjor's Vile Clutch (mildly dangerous; 1% risk of failure)
Press: ? - help, Shift-Dir - straight line, f/p - Agnes
Aim: Agnes, wielding a +6 lajatang of electrocution and wearing a +0 robe (heavily wounded, 100% to hit)
Zombie hands grab Agnes.
The five-headed hydra is unaffected.
The deep elf pyromancer is unaffected.
* * * LOW HITPOINT WARNING * * *
The zombie hands constrict Agnes!
The zombie hands constrict the deep elf pyromancer!
The zombie hands constrict the five-headed hydra.
Agnes hits you with a +6 lajatang of electrocution!!
* * * LOW HITPOINT WARNING * * *
You are electrocuted!
* * * LOW HITPOINT WARNING * * *
Agnes hits you with a +6 lajatang of electrocution!!
You die...

#.# * #.# *
,, , *, #.#
* * #.# #.#
, #.# * *
#.# , #.# *
, #@# ....
,* , #i#
..... #)#
*.....
#D####.....,
,
#e.........,
#..........,
#..........
,
#..........
* *,
#..........


You could see Agnes (clutched), a five-headed hydra (clutched) and a deep elf
pyromancer (clutched).

Vanquished Creatures
  A centaur warrior (D:12)
  3 hydras
  2 dancing weapons (D:13)
  A two-headed ogre (D:12)
  3 boulder beetles
  2 death knights
  Lodul (D:13)
  9 skeletal warriors
  A phantasmal warrior (D:14)
  4 wizards (D:10)
  3 orc knights
  2 deep elf pyromancers
  A frost giant zombie (D:15)
  4 cyclopes
  4 ugly things (D:14)
  A manticore (D:14)
  Maurice (D:12)
  A kobold demonologist (D:7)
  4 freezing wraiths
  An unseen horror (D:13)
  A yaktaur (D:13)
  4 trolls
  A queen bee (shapeshifter) (D:14)
  2 spriggan zombies (D:15)
  3 slime creatures (D:12)
  3 shadows
  4 water elementals
  A spriggan skeleton (D:15)
  3 wraiths
  A wyvern (D:8)
  A centaur simulacrum (D:14)
  16 yaks
  A basilisk (D:13)
  A steam dragon (D:8)
  12 vampire mosquitoes
  2 acid dragons
  7 orc warriors
  2 sky beasts (D:7)
  An ice beast (D:5)
  2 black bears
  10 ogres
  A phantom (D:5)
  6 centaurs (D:12)
  A kobold brigand (D:6)
  4 bullfrogs
  A gnoll sergeant (D:11)
  3 scorpions
  6 wights
  8 killer bees
  4 howler monkeys
  2 jellies
  2 orc priests
  A gnoll bouda (D:9)
  4 hounds
  4 iguanas
  6 orc wizards
  A sleepcap (D:7)
  12 adders
  7 gnolls
  A shadow imp (D:6)
  A white imp (D:6)
  4 ufetubi
  2 worms
  8 dart slugs
  48 orcs
  22 ball pythons
  9 bats
  18 endoplasms
  16 giant cockroaches
  5 hobgoblins
  10 kobolds
  9 quokkas
  14 frilled lizards
  11 goblins
  2 rats
380 creatures vanquished.

Vanquished Creatures (others)
  An ogre (D:13)
  590 foxfires
591 creatures vanquished.

Grand Total: 971 creatures vanquished

Notes
Turn   | Place    | Note
-------+----------+-------------------------------------------
     0 | D:1      | cdecastro the Djinni Fire Elementalist began the quest for
                  | the Orb.
     0 | D:1      | cdecastro set off with the following spells memorised:
                  | Foxfire, Scorch, Volatile Blastmotes, Inner Flame, Flame
                  | Wave.
     0 | D:1      | Reached XP level 1. HP: 15/15 MP: 0/0
   144 | D:1      | Reached XP level 2. HP: 20/22 MP: 0/0
   414 | D:1      | Reached skill level 1 in Fighting
   456 | D:1      | Reached XP level 3. HP: 26/27 MP: 0/0
   456 | D:1      | Learned a level 1 spell: Sandblast
  1144 | D:2      | Reached XP level 4. HP: 29/32 MP: 0/0
  1525 | D:2      | Identified the +2 short sword "Ybad" {venom, rF- Dex+6}
  1818 | D:3      | Reached skill level 2 in Fighting
  2139 | D:3      | Found a shimmering altar of Xom.
  2150 | D:3      | Reached XP level 5. HP: 35/38 MP: 0/0
  2150 | D:3      | Learned a level 2 spell: Blink
  2278 | D:3      | Found a glowing drain.
  2282 | Sewer    | Entered a sewer
  2711 | Sewer    | Noticed a bullfrog
  2712 | Sewer    | Noticed a bullfrog
  2717 | Sewer    | Killed a bullfrog
  2718 | Sewer    | Reached skill level 3 in Fighting
  2718 | Sewer    | Reached XP level 6. HP: 43/46 MP: 0/0
  3209 | D:4      | Found a shadowy altar of Dithmenos.
  3647 | D:4      | Reached XP level 7. HP: 47/50 MP: 0/0
  3647 | D:4      | Learned a level 3 spell: Spider Form
  4051 | D:4      | Reached skill level 5 in Spellcasting
  4056 | D:4      | Found a runed translucent door.
  4061 | D:4      | Noticed SNESPrime's ghost (amateur DrBe)
  4226 | D:5      | Entered Level 5 of the Dungeon
  4232 | D:5      | Reached skill level 4 in Fighting
  4471 | D:5      | Reached XP level 8. HP: 55/58 MP: 0/0
  4599 | D:5      | Found a runed translucent door.
  4603 | D:5      | Noticed gdog's ghost (novice GnDe)
  4616 | D:5      | Found a glowing golden altar of the Shining One.
  4617 | D:5      | Found a white marble altar of Elyvilon.
  4620 | D:5      | Found a glowing silver altar of Zin.
  4753 | D:6      | Reached skill level 5 in Fighting
  5149 | D:6      | Found a staircase to the Ecumenical Temple.
  5161 | Temple   | Entered the Ecumenical Temple
  5398 | Temple   | Became a worshipper of Ashenzari the Shackled
  5837 | D:6      | Reached XP level 9. HP: 62/66 MP: 0/0
  5837 | D:6      | Learned a level 4 spell: Airstrike
  6067 | D:7      | Reached skill level 6 in Fighting
  6122 | D:7      | Noticed a kobold demonologist
  6140 | D:7      | Killed a kobold demonologist
  6700 | D:7      | Found a snail-covered altar of Cheibriados.
  6977 | D:8      | Reached skill level 7 in Fighting
  7208 | D:8      | Found a staircase to the Lair.
  7624 | D:8      | Found an ornate altar of the Wu Jian Council.
  7634 | D:8      | Found a sacrificial altar of Ru.
  7641 | D:8      | Identified the +3 leather armour of the New World {*Slow
                  | rC+ rN+ Regen+}
  7664 | D:8      | Reached XP level 10. HP: 51/76 MP: 0/0
  7854 | D:8      | Found a blossoming altar of Fedhas.
  7916 | D:8      | Reached skill level 8 in Fighting
  8133 | D:9      | Reached * piety under Ashenzari
  8141 | D:9      | Found a flagged portal.
  8148 | Bailey   | Entered a bailey
  8322 | Bailey   | Noticed an orc knight
  8322 | Bailey   | Noticed an orc knight
  8369 | Bailey   | Killed an orc knight
  8375 | Bailey   | Killed an orc knight
  8528 | Bailey   | Identified the +1 pair of boots of Tartarus {rPois}
  8645 | D:9      | Reached skill level 1 in Evocations
  8665 | D:9      | Reached skill level 9 in Fighting
  9100 | D:9      | Reached XP level 11. HP: 78/86 MP: 0/0
  9100 | D:9      | Learned a level 5 spell: Alistair's Intoxication
  9319 | D:10     | Entered Level 10 of the Dungeon
  9411 | D:10     | Noticed a wizard
  9414 | D:10     | Killed a wizard
  9415 | D:10     | Reached skill level 5 in Evocations
  9442 | D:10     | Noticed an orange crystal statue
  9472 | D:10     | Noticed a wizard
  9476 | D:10     | Killed a wizard
  9493 | D:9      | Reached skill level 10 in Fighting
  9509 | D:10     | Noticed a wizard
  9584 | D:10     | Killed a wizard
  9639 | D:10     | Identified the Omnibus of Axaxaxas mlö
  9640 | D:10     | Noticed a wizard
  9640 | D:10     | Identified Ts'ui Pên's Encyclopedia of Forking Paths
  9645 | D:10     | Killed a wizard
  9812 | D:10     | Identified the Codex of Combed Thunderclap
  9910 | D:10     | Reached skill level 5 in Dodging
 10183 | D:11     | Identified the Reference Book on Hyperborean Portals
 10245 | D:11     | Noticed a boulder beetle
 10256 | D:11     | Killed a boulder beetle
 10285 | D:11     | Reached ** piety under Ashenzari
 10355 | D:11     | Noticed a manticore
 10407 | D:11     | Noticed a cyclops
 10452 | D:11     | Noticed a cyclops
 10456 | D:11     | Killed a cyclops
 10457 | D:11     | Reached XP level 12. HP: 60/98 MP: 0/0
 10539 | D:11     | Noticed a boulder beetle
 10593 | D:11     | Killed a boulder beetle
 10594 | D:11     | Reached skill level 11 in Fighting
 10892 | D:12     | Noticed a two-headed ogre
 10894 | D:12     | Noticed a centaur warrior
 10898 | D:12     | Killed a two-headed ogre
 10899 | D:12     | Reached skill level 5 in Stealth
 11011 | D:12     | Killed a centaur warrior
 11097 | D:12     | Reached *** piety under Ashenzari
 11292 | D:12     | Noticed Maurice
 11294 | D:12     | Killed Maurice
 11295 | D:12     | Reached skill level 1 in Armour
 11405 | D:12     | Noticed a skeletal warrior
 11405 | D:12     | Noticed a skeletal warrior
 11410 | D:12     | Noticed a skeletal warrior
 11569 | D:12     | Killed a skeletal warrior
 11623 | D:12     | Killed a skeletal warrior
 11624 | D:12     | Reached skill level 1 in Long Blades
 11630 | D:12     | Killed a skeletal warrior
 11746 | D:12     | Found a staircase to the Orcish Mines.
 11805 | D:13     | Noticed an eight-headed hydra
 12159 | D:13     | Reached skill level 12 in Fighting
 12164 | D:13     | Noticed Lodul
 12192 | D:13     | Killed Lodul
 12193 | D:13     | Reached XP level 13. HP: 108/108 MP: 0/0
 12193 | D:13     | Learned a level 5 spell: Borgnjor's Vile Clutch
 12494 | D:13     | Killed an eight-headed hydra
 12614 | D:13     | Reached skill level 5 in Long Blades
 12974 | D:13     | Found a gate to the Vaults.
 13078 | D:13     | Found Masyum's Mayhem Merchandise.
 13591 | D:14     | Reached skill level 10 in Spellcasting
 14109 | D:14     | Reached skill level 13 in Fighting
 14505 | D:15     | Entered Level 15 of the Dungeon
 14901 | D:14     | Reached XP level 14. HP: 88/119 MP: 0/0
 14960 | D:15     | Found Joranuar's Assorted Antiques.
 14968 | D:15     | Bought a puce potion for 27 gold pieces
 14968 | D:15     | Bought a pair of runed gloves for 225 gold pieces
 15228 | D:15     | Identified the +0 kite shield of Untruth {*Slow rPois rC++
                  | Stlth+}
 15305 | D:15     | Found a glowing golden altar of the Shining One.
 15391 | D:15     | Noticed Agnes
 15399 | D:15     | Demolished by Agnes

Illustrated notes

Levels and vault maps discovered:
D:1:      noname_arrival_rooms_in_the_neighbourhood, layout_basic, serial_bayou,
          serial_bayou_lagoon_b, serial_bayou_crossing, serial_bayou_pond_d,
          serial_bayou_ford_a
D:2:      layout_basic, minmay_tetromino_t4
D:3:      kennysheep_big_flooded_room, layout_loops_ring, xom_teletrap_fun,
          portal_sewer_entry_e
D:4:      layout_layer_cave, lemuel_crystal_altar, gammafunk_ghost_grave
D:5:      layout_rooms, good_gods_temple_1, hellmonk_ghost_happy_afterlife
D:6:      layout_basic, minmay_temple_entry_slanted
D:7:      layout_basic, mainiacjoe_overflow_paths, minmay_fractal_squares_5
D:8:      layout_loops_corners, amcnicky_altar_gilded,
          nicolae_wu_jian_wuxing_cycle, mainiacjoe_overflow_small_starburst,
          lair_entry_dummy, kennysheep_another_room
D:9:      layout_stronghold, kiku_gazebo_garden_becter, enter_bailey_3
D:10:     layout_rooms, minivault_16, bh_hangedman_babel_library
D:11:     layout_rooms
D:12:     layout_cross, hiddenorc1_lemuel, uniq_maurice
D:13:     layout_basic, erik_vaults_1, serial_bayou_pond_a, minmay_shop_mayhem,
          minmay_mirror_moons_of_madness, uniq_lodul
D:14:     layout_roguey, serial_park_tiny_1
D:15:     gammafunk_depths_entry_grave, layout_long_grid, serial_shops, shop,
          tso_altar, nicolae_concentric_dashed_squares_wild,
          nicolae_underground_beach, uniq_agnes
Temple:   hc_temple_tempest_star

Skill      XL: |  1  2  3  4  5  6  7  8  9 10 11 12 13 14 |
---------------+-------------------------------------------+-----
Fighting       | 1 2 3 4 5 7 9 10 12 13 | 13.6
Spellcasting   | 3 4 5 7 8 9 10 | 10.9
Evocations     | 2 6 7 |  7.6
Dodging        | 6 |  6.0
Stealth        | 2 5 |  5.5
Armour         | 3 |  3.5
Long Blades    | 3 6 |  6.1

Action                     |  1- 3 |  4- 6 |  7- 9 | 10-12 | 13-15 || total
---------------------------+-------+-------+-------+-------+-------++-------
  Melee: Short sword       |       |     9 |       |     1 |       ||    10
         Unarmed           |       |       |     1 |       |       ||     1
   Cast: Foxfire           |    58 |   161 |   110 |       |     1 ||   330
         Sandblast         |       |     9 |    11 |     3 |     4 ||    27
         Scorch            |       |       |    35 |    63 |    20 ||   118
         Volatile Blastmot |       |       |    10 |    10 |    43 ||    63
         Flame Wave        |       |       |     2 |     3 |     2 ||     7
         Airstrike         |       |       |     5 |   187 |   117 ||   309
         Inner Flame       |       |       |     1 |    24 |     5 ||    30
         Alistair's Intoxi |       |       |       |     1 |       ||     1
         Borgnjor's Vile C |       |       |       |       |     6 ||     6
 Invoke: Curse Item        |       |       |     1 |     3 |     1 ||     5
  Evoke: Wand              |       |       |       |       |     7 ||     7
    Use: Scroll            |       |     8 |     8 |       |       ||    16
   Stab: Sleeping          |       |     1 |       |     1 |       ||     2
 Armour: Robe              |     2 |     6 |     1 |       |       ||     9
         Steam dragon scal |       |       |     2 |     3 |       ||     5
         Leather armour    |       |       |       |     5 |     9 ||    14
  Dodge: Dodged            |     8 |    14 |    23 |    62 |    44 ||   151
